 Dungeon Crawl Stone Soup version 0.29.1-15-g9cfb28693d (webtiles) character file.

Game seed: 3468023299606491702

734 Gustavia the Grave Robber (level 7, -3/48 HPs)
             Began as a Demonspawn Necromancer on Feb 28, 2023.
             Slain by Grinder (7 damage)
             ... on level 4 of the Dungeon.
             The game lasted 00:30:26 (4909 turns).

Gustavia the Grave Robber (Demonspawn Necromancer)  Turns: 4909, Time: 00:30:26

Health: -3/48      AC:  3    Str:  8    XL:     7   Next: 45%
Magic:  10/14      EV: 12    Int: 16    God:
Gold:   227        SH:  4    Dex: 14    Spells: 11/16 levels left

rFire   . . .      SeeInvis .   d - +1 whip (spect)
rCold   . . .      Faith    .   (no shield)
rNeg    . . .      Spirit   .   a - +1 robe
rPois   .          Reflect  .   (no helmet)
rElec   .          Harm     .   (no cloak)
rCorr   +          Rampage  .   (no gloves)
Will    .....                   (no boots)
Stlth   ++........              (no amulet)
HPRegen 0.16/turn               g - ring of resist corrosion
MPRegen 0.14/turn               (no ring)

@: no status effects
A: hooves 2, large bone plates 1, demonic magic 1, dopey 1
a: no special abilities


You were on level 4 of the Dungeon.
You visited 1 branch of the dungeon, and saw 4 of its levels.

You collected 227 gold pieces.

Inventory:

Hand Weapons
 d - a +1 spectral whip (weapon)
Armour
 a - a +1 robe (worn)
Jewellery
 g - a ring of resist corrosion (left hand)
Scrolls
 b - a scroll of amnesia
 c - a scroll of brand weapon
 e - a scroll of identify
Potions
 f - 2 potions of attraction


   Skills:
 + Level 1.0 Fighting
 + Level 0.5(1.2) Axes
 + Level 1.5(1.6) Maces & Flails
 + Level 2.6 Dodging
 + Level 2.5 Stealth
 + Level 0.7 Shields
 + Level 5.0 Spellcasting
 + Level 6.9 Necromancy


You had 11 spell levels left.
You knew the following spells:

 Your Spells              Type           Power      Damage    Failure   Level
a - Necrotise             Necr           100%       1d9       1%          1
b - Animate Dead          Necr           26%        N/A       9%          4

Your spell library contained the following spells:

 Spells                   Type           Power      Damage    Failure   Level
 Vampiric Draining        Necr           26%        2d7       2%          3
 Agony                    Necr           26%        N/A       24%         5


Dungeon Overview and Level Annotations

Branches:
Dungeon (4/15)
 Temple: D:4-7

Altars:
Kikubaaqudgha
Trog
Wu Jian

Annotations:
D:4 Grinder


Innate Abilities, Weirdness & Mutations

You have hoof-like feet.
You are partially covered in large bone plates. (SH +4)
Spells you cast may paralyse adjacent enemies.
You are dopey. (Int -2)


Message History

Grinder hits your orc wizard zombie!
Your orc wizard zombie is destroyed!
Grinder barely misses something.
Your hobgoblin zombie closely misses Grinder.
Found an escape hatch in the floor.
Your gnoll zombie misses Grinder.
Grinder completely misses your hobgoblin zombie.
Your hobgoblin zombie misses Grinder.
Your gnoll zombie hits Grinder.
Grinder gestures at you.
You struggle to resist.
Casting: Necrotise (safe; 1% risk of failure)
Confirm with . or Enter, or press ? or * to list all spells.
You can't see any susceptible monsters within range! (Use Z to cast anyway.)
Your hobgoblin zombie closely misses Grinder.
Casting: Necrotise (safe; 1% risk of failure)
Confirm with . or Enter, or press ? or * to list all spells.
You can't see any susceptible monsters within range! (Use Z to cast anyway.)
You hit Grinder but do no damage. Your kick misses Grinder.
Grinder is moderately wounded.
Your +1 spectral whip hits Grinder.
Grinder gestures at you.
You struggle to resist.
Your hobgoblin zombie barely misses Grinder.
You barely miss Grinder.
Grinder is moderately wounded.
Your +1 spectral whip hits Grinder.
Your gnoll zombie misses Grinder.
Grinder blinks!
Grinder says, "There's only one good use for a tongue: cutting it out."
Grinder gestures at you.
You suddenly lose the ability to move!
Grinder gestures at you. Pain shoots through your body!
* * * LOW HITPOINT WARNING * * *
You can move again.
Grinder blinks!
Grinder is nearby!
You swap places.
Your hobgoblin zombie misses Grinder.
Your gnoll zombie closely misses Grinder.
Grinder says, "Just stop there for a second..."
Grinder hits you!
You die...

######.......#### ....<.
.............## .. .......
..#######....###.#
.......##....# #.#.......
...>.......#.# #.#)####.#
...........#.# #.#.# ..
...........#)## #.#.######
....#'#.5..#..###.........
#.....ZZ@)'.))..##.......
##........#))(#.#...#####
#.....###....#.#.#.# ##
#...ยง.......)#.#.#.# ..
###.#####.##...#.#.#.#..
#. ...###..#.....#.# #.
#.#### ##.......# # #. #
#.##..#.# # $... ...# #


You could see Grinder (ally target), a friendly hobgoblin zombie and a friendly
gnoll zombie.

Vanquished Creatures
  2 black bears (D:4)
  Jessica (D:2)
  An iguana (D:3)
  4 orc wizards (D:4)
  3 gnolls (D:4)
  2 adders (D:3)
  2 dart slugs
  5 orcs
  5 endoplasms
  A giant cockroach (D:2)
  3 goblins
  6 hobgoblins
  3 jackals
  3 kobolds
  3 ball pythons
  5 bats
  2 frilled lizards (D:1)
  7 rats
58 creatures vanquished.

Vanquished Creatures (collateral kills)
  Sigmund (D:4)
  A necrophage (D:4)
  An orc priest (D:4)
  An iguana (D:4)
  A dart slug (D:2)
  6 orcs
  2 jackals
  A frilled lizard (D:1)
14 creatures vanquished.

Vanquished Creatures (others)
  2 black bear zombies (D:4)
  An iguana zombie (D:4)
  A bat zombie (D:3)
  A gnoll zombie (D:4)
  4 orc zombies (D:4)
9 creatures vanquished.

Grand Total: 81 creatures vanquished

Notes
Turn   | Place    | Note
-------+----------+-------------------------------------------
     0 | D:1      | Gustavia the Demonspawn Necromancer began the quest for the
                  | Orb.
     0 | D:1      | Reached XP level 1. HP: 13/13 MP: 3/3
   347 | D:1      | Gained mutation: You are partially covered in large bone
                  | plates. (SH +4) [demonic ancestry]
   347 | D:1      | Reached XP level 2. HP: 19/19 MP: 1/5
   426 | D:1      | Found a faded altar of an unknown god.
   453 | D:1      | Gained mutation: You are dopey. (Int -2) [potion of
                  | mutation]
   453 | D:1      | Gained mutation: You have large cloven feet. [potion of
                  | mutation]
  1309 | D:1      | Reached skill level 5 in Necromancy
  2291 | D:2      | Mutation became permanent: You have large cloven feet.
                  | [demonic ancestry]
  2291 | D:2      | Gained mutation: You have large cloven feet. [demonic
                  | ancestry]
  2291 | D:2      | Reached XP level 3. HP: 24/24 MP: 4/6
  2977 | D:2      | Noticed Jessica
  2980 | D:2      | Killed Jessica
  3174 | D:3      | Gained mutation: Spells you cast may paralyse adjacent
                  | enemies. [demonic ancestry]
  3174 | D:3      | Reached XP level 4. HP: 30/30 MP: 6/8
  3179 | D:3      | Learned a level 4 spell: Animate Dead
  3193 | D:3      | Found an ancient bone altar of Kikubaaqudgha.
  4064 | D:4      | Gained mutation: You have hoof-like feet. [demonic
                  | ancestry]
  4064 | D:4      | Reached XP level 5. HP: 35/35 MP: 0/10
  4262 | D:4      | Noticed a black bear
  4264 | D:4      | Noticed a black bear
  4277 | D:4      | Killed a black bear
  4278 | D:4      | Reached skill level 6 in Necromancy
  4278 | D:4      | Reached XP level 6. HP: 8/41 MP: 1/12
  4535 | D:4      | Found a bloodstained altar of Trog.
  4553 | D:4      | Found an ornate altar of the Wu Jian Council.
  4584 | D:4      | Reached skill level 1 in Maces & Flails
  4830 | D:4      | Noticed Sigmund
  4838 | D:4      | Killed Sigmund
  4839 | D:4      | Reached XP level 7. HP: 33/47 MP: 10/14
  4852 | D:4      | Noticed Grinder
  4865 | D:4      | Reached skill level 1 in Fighting
  4867 | D:4      | Reached skill level 5 in Spellcasting
  4905 | D:4      | Paralysed by Grinder for 2 turns
  4909 | D:4      | Slain by Grinder

Illustrated notes

Levels and vault maps discovered:
D:1:      lemuel_arrival_behind_the_door_large, layout_basic,
          dreamdust_ecumenical_altar_statues, due_unseen_surprise
D:2:      layout_basic, chequers_serial_rivers_room_b, minmay_domino_4,
          uniq_jessica
D:3:      layout_basic, kiku_gazebo_pond_becter
D:4:      layout_basic, trog_ov_bears_minmay, mainiacjoe_overflow_cross_hatched,
          uniq_edmund, uniq_sigmund, uniq_grinder

Skill      XL: |  1  2  3  4  5  6  7 |
---------------+----------------------+-----
Necromancy     | 5 6 |  6.9
Stealth        | 2 |  2.5
Spellcasting   | 3 4 5 |  5.0
Dodging        | 2 |  2.6
Maces & Flails | 1 |  1.5
Fighting       | 1 |  1.0
Axes           | |  0.5
Shields        | |  0.7

Action                   |  1- 3 |  4- 6 |  7- 9 || total
-------------------------+-------+-------+-------++-------
Melee: Whip              |     3 |    28 |    12 ||    43
       Kick              |     1 |     7 |     3 ||    11
       Hand axe          |       |    11 |       ||    11
       Punch             |       |     2 |       ||     2
 Cast: Necrotise         |    59 |    25 |     6 ||    90
       Animate Dead      |       |    10 |     1 ||    11
  Use: Scroll            |     6 |     5 |       ||    11
       Potion            |     3 |     4 |       ||     7
 Stab: Distracted        |     1 |     1 |       ||     2
       Paralysed         |       |     2 |     2 ||     4
Armor: Robe              |     1 |     6 |     2 ||     9
       Skin              |       |    20 |       ||    20
Dodge: Dodged            |     2 |    19 |    11 ||    32
Block: Other             |     1 |    10 |     2 ||    13
